 Dungeon Crawl Stone Soup version 0.19-a0-1740-g0bcaf2e (webtiles) character file.

2800 kae the Carver (level 10, -2/80 HPs)
             Began as a Formicid Fighter on Oct 2, 2016.
             Was a Priest of Ru.
             Slain by an iguana (6 damage)
             ... on level 9 of the Dungeon.
             The game lasted 00:11:40 (7911 turns).

kae the Carver (Formicid Fighter)                   Turns: 7911, Time: 00:11:41

Health: -2/80      AC:  8    Str: 23    XL:     10   Next: 2%
Magic:  10/10      EV:  2    Int:  9    God:    Ru [***...]
Gold:   413        SH:  0    Dex: 10    Spells: 0 memorised, 9 levels left

rFire  x . .     SeeInvis +     a - +1 long sword
rCold  x . .     Gourm    .     b - +0 scale mail
rNeg   + + +     Faith    .     c - +0 shield
rPois  ∞         Spirit   .     (helmet unavailable)
rElec  .         Dismiss  .     o - +0 cloak
rCorr  .         Reflect  .     (no gloves)
MR     +....     Harm     +     (no boots)
Stlth  ..........               q - amulet of harm
                                (no ring)
                                (no ring)

@: petrified
A: permanent stasis, dig shafts and tunnels, four strong arms, antennae 3,
temperature sensitive
a: Dig, Shaft Self, Draw Out Power, Renounce Religion


You were on level 9 of the Dungeon.
You worshipped Ru.
Ru was most pleased with you.
You were very hungry.

You visited 1 branch of the dungeon, and saw 9 of its levels.
You also visited: Sewer.

You collected 524 gold pieces.
You spent 111 gold pieces at shops.

Inventory:

Hand Weapons
 a - a +1 long sword (weapon)
Armour
 b - a +0 scale mail (worn)
 c - a +0 shield (worn)
 k - a +0 large shield
 o - a +0 cloak (worn)
Jewellery
 i - an uncursed amulet of regeneration {unknown}
 q - an amulet of harm (around neck)
 y - an uncursed amulet of regeneration {unknown}
 F - an uncursed ring of flight {unknown}
Wands
 p - a wand of slowing (48/48)
 s - a wand of lightning (4/15)
 u - a wand of confusion (25/48)
 G - a wand of disintegration (11/24)
Scrolls
 e - 5 scrolls of remove curse
 v - 2 scrolls of fog
 x - a scroll of recharging
 A - a scroll of enchant weapon
 I - a scroll of fear {unknown}
 J - a scroll of enchant armour {unknown}
 M - a scroll of identify
Potions
 d - 2 potions of might
 g - 3 potions of ambrosia
 h - a potion of resistance
 j - 2 potions of magic
 l - 2 potions of mutation
 m - 2 potions of curing
 t - 2 potions of brilliance
 w - a potion of agility {unknown}
 z - a potion of degeneration
 B - a potion of berserk rage
 C - 2 potions of heal wounds
 E - 2 potions of invisibility {unknown}
 H - a potion of haste {unknown}
 K - a potion of cancellation {unknown}
 L - a potion of flight {unknown}
Comestibles
 f - 8 bread rations
 n - 3 meat rations
 r - a slice of pizza
 D - a beef jerky


   Skills:
 + Level 7.8 Fighting
 * Level 9.6 Long Blades
 - Level 3.2 Armour
 + Level 8.5 Shields


You had 9 spell levels left.
You didn't know any spells.

Dungeon Overview and Level Annotations

Branches:
Dungeon (9/15)             Temple (0/1) D:5            Lair (0/6) D:9
    Orc: D:9-12

Altars:
Fedhas
Nemelex Xobeh
Qazlal
Ru
Uskayaw
Vehumet
Yredelemnul

Shops:
D:7 [   D:8 *   D:9 *


Innate Abilities, Weirdness & Mutations

You are under a permanent stasis effect.
You can dig through walls and to a lower floor.
Your four strong arms can wield two-handed weapons with a shield.
You have a pair of large antennae on your head. (SInv)
You are sensitive to extremes of temperature. (rF-, rC-)


Message History

The orc hits you but does no damage. The crocodile bites you!
The iguana bites you but does no damage.
The yak gores you but does no damage. The crocodile bites you.
* * * LOW HITPOINT WARNING * * *
You focus your will and blind the crocodile in retribution!
The orc hits you but does no damage. The yak gores you!
* * * LOW HITPOINT WARNING * * *
The iguana bites you!
* * * LOW HITPOINT WARNING * * *
The crocodile bites you but does no damage.
The orc hits you but does no damage. The iguana bites you!
* * * LOW HITPOINT WARNING * * *
The yak gores you but does no damage. The crocodile bites you!
* * * LOW HITPOINT WARNING * * *
The orc hits you but does no damage.
The yak is stunned by your will and fails to attack.
The iguana bites you!
You die...

#..#.###.....# .#.
#..#.###.....##. ..
.......'.....+... ..#
...#.###.....##.####..###
..##.# #.######.#........
..##+# #.# #..........
...... #.# #.#l.......
...... #.# #.ltl......
...... #.#### #.@oo$.....
..##+###....# #.#Yh......
..#.........###.#....>...
..#......................
..#.........###.#........
..#.........# #.#........
..##.###.#### #.#........
.. #. #.# #.#....... .. #
### #.. ....


You could see a yak, a basilisk, a crocodile (blind), 2 iguanas, a hound and 2
orcs.

Vanquished Creatures
  A hippogriff (D:8)
  A water moccasin (D:5)
  A sky beast (D:8)
  A black bear (D:7)
  An orc warrior (D:7)
  An ice beast (D:7)
  4 ogres
  A phantom (D:5)
  A centaur (D:7)
  3 big kobolds
  2 bullfrogs
  3 scorpions
  2 howler monkeys (D:7)
  4 crimson imps
  An orc priest (D:4)
  6 hounds
  Crazy Yiuf (D:7)
  3 bullfrog skeletons
  A centaur skeleton (D:9)
  5 worker ants
  2 orc wizards
  A hound skeleton (D:9)
  A mummy (D:6)
  A worker ant zombie (D:6)
  8 gnolls
  A river rat (Sewer)
  13 adders
  2 shadow imps
  An ooze (D:4)
  An adder skeleton (D:4)
  2 adder zombies
  7 worms
  8 leopard geckos
  14 orcs
  11 bats
  7 giant cockroaches
  8 goblins
  9 hobgoblins
  8 jackals
  17 kobolds
  A quokka (D:6)
  4 ball pythons (Sewer)
  6 frilled lizards
  A hobgoblin zombie (D:6)
  A kobold zombie (D:6)
  A leopard gecko skeleton (D:8)
  2 orc zombies (D:6)
  7 rats
  A fungus (D:7)
189 creatures vanquished.

Vanquished Creatures (others)
  2 fungi (D:2)
  A plant (D:2)
3 creatures vanquished.

Grand Total: 192 creatures vanquished

Notes
Turn   | Place    | Note
-------+----------+-------------------------------------------
     0 | D:1      | kae the Formicid Fighter began the quest for the Orb.
     0 | D:1      | Reached XP level 1. HP: 18/18 MP: 1/1
   151 | D:1      | Reached XP level 2. HP: 23/24 MP: 2/2
   805 | D:2      | Reached XP level 3. HP: 21/29 MP: 3/3
   866 | D:2      | Reached skill level 3 in Long Blades
  1224 | D:2      | Reached XP level 4. HP: 37/37 MP: 4/4
  1368 | D:2      | Found a blossoming altar of Fedhas.
  1455 | D:2      | Found a sacrificial altar of Ru.
  1463 | D:2      | Became a worshipper of Ru the Awakened
  1572 | D:2      | Reached XP level 5. HP: 42/42 MP: 5/5
  1938 | D:3      | Reached skill level 4 in Long Blades
  2006 | D:3      | Found a basalt altar of Yredelemnul.
  2308 | D:4      | Reached XP level 6. HP: 37/49 MP: 6/6
  2560 | D:4      | Reached skill level 5 in Shields
  2750 | D:4      | Reached skill level 5 in Long Blades
  2756 | D:4      | Reached XP level 7. HP: 38/55 MP: 7/7
  3261 | D:4      | Reached skill level 5 in Fighting
  3329 | D:5      | Entered Level 5 of the Dungeon
  3659 | D:5      | Found a staircase to the Ecumenical Temple.
  3786 | D:5      | Found a glowing drain.
  3790 | Sewer    | Entered a sewer
  4022 | Sewer    | Reached skill level 6 in Long Blades
  4035 | Sewer    | Reached XP level 8. HP: 54/63 MP: 8/8
  4830 | D:5      | HP: 3/64 [water moccasin (7)]
  5146 | D:5      | Reached skill level 7 in Long Blades
  5165 | D:5      | Found a radiant altar of Vehumet.
  5202 | D:5      | You fall through a shaft for 3 floors!
  5859 | D:6      | Reached XP level 9. HP: 70/71 MP: 9/9
  6038 | D:6      | Reached skill level 8 in Long Blades
  6418 | D:7      | Found Zuguugush's Armour Emporium.
  7175 | D:7      | Found a runed door.
  7179 | D:7      | Noticed Crazy Yiuf
  7182 | D:7      | Killed Crazy Yiuf
  7225 | D:8      | Reached skill level 9 in Long Blades
  7284 | D:8      | Found a hide-covered altar of Uskayaw.
  7285 | D:8      | Found a stormy altar of Qazlal.
  7286 | D:8      | Found a sparkling altar of Nemelex Xobeh.
  7324 | D:8      | Found Ukhoh's Assorted Antiques.
  7451 | D:8      | Noticed a hippogriff
  7463 | D:8      | Killed a hippogriff
  7819 | D:9      | Gained mutation: You are sensitive to extremes of temperature. (rF-, rC-) [Ru sacrifice]
  7819 | D:9      | Reached * piety under Ru
  7819 | D:9      | Reached ** piety under Ru
  7819 | D:9      | Reached *** piety under Ru
  7831 | D:9      | Reached XP level 10. HP: 73/80 MP: 10/10
  7852 | D:9      | Found Cukorruniuth's Assorted Antiques.
  7861 | D:9      | Bought a fizzy ruby potion for 21 gold pieces
  7861 | D:9      | Bought a scroll labeled JAUFRI NESE for 24 gold pieces
  7861 | D:9      | Bought a scroll labeled YRHUAS RICE for 24 gold pieces
  7861 | D:9      | Bought a glowing purple potion for 21 gold pieces
  7861 | D:9      | Bought a grey potion for 21 gold pieces
  7893 | D:9      | Found a staircase to the Lair.
  7910 | D:9      | HP: 4/80 [crocodile (4)]
  7911 | D:9      | Slain by an iguana

Vault maps used:
D:1:      lemuel_arrival_cross
D:2:      fedhas_altar_3, nicolae_ru_path_of_blood
D:3:      lemuel_round_altar, first_bread, minmay_vboxes
D:5:      kennysheep_mini, gup_sewer_entry_bowl
D:6:      minmay_mini_ossuary
D:7:      serial_shops, shop, uniq_crazy_yiuf_cottage
D:8:      grunt_temple_overflow_open, serial_shops, shop
D:9:      dpeg_lair_monsters, serial_shops, shop
Sewer:    sewer_co_15_rooms

Skill      XL: |  1  2  3  4  5  6  7  8  9 |
---------------+----------------------------+-----
Long Blades    | 3 4 5 6 7 9 |  9.6
Shields        | 4 5 7 8 |  8.5
Fighting       | 4 5 6 7 |  7.8
Armour         | |  3.2

Action                   |  1- 3 |  4- 6 |  7- 9 | 10-12 || total
-------------------------+-------+-------+-------+-------++-------
Melee: Long sword        |   111 |   196 |   551 |    12 ||   870
Invok: Reject Sacrifices |       |     1 |       |       ||     1
       Sacrifice Resista |       |       |     1 |       ||     1
 Abil: Dig               |       |     2 |     5 |       ||     7
  Use: Scroll            |       |     7 |     9 |       ||    16
       Potion            |       |       |     2 |       ||     2
  Eat: Chunk             |     1 |     5 |    17 |       ||    23
Armor: Scale mail        |    37 |    75 |   164 |    16 ||   292
Dodge: Dodged            |    31 |    50 |   133 |     4 ||   218
Block: Shield            |    49 |   101 |   250 |     1 ||   401
